 Dungeon Crawl Stone Soup version 0.25-a0-547-g27a0b5d1ef (webtiles) character file.

Game seed: 15402628996889704141, levelgen mode: classic

2121 EnegeticOcto the Chopper (level 9, -3/82 HPs)
             Began as a Deep Dwarf Fighter on Feb 22, 2020.
             Was a Believer of Makhleb.
             Slain by an orc warrior
             ... wielding a +0 glaive
              (7 damage)
             ... on level 8 of the Dungeon.
             The game lasted 00:03:29 (3907 turns).

EnegeticOcto the Chopper (Deep Dwarf Fighter)       Turns: 3907, Time: 00:03:30

Health: -3/82      AC: 16    Str: 23    XL:     9   Next: 8%
Magic:  0/0        EV:  8    Int:  9    God:    Makhleb [**....]
Gold:   422        SH: 10    Dex: 10    Spells: 8/8 levels left

rFire    . . .     SeeInvis .   a - +1 war axe
rCold    . . .     Gourm    .   c - +0 kite shield
rNeg     . . .     Faith    .   g - +0 chain mail
rPois    .         Spirit   .   f - +1 helmet
rElec    .         Reflect  .   y - +0 cloak
rCorr    .         Harm     .   (no gloves)
MR       +....                  d - +2 pair of boots
Stlth    ..........             (no amulet)
HPRegen  0.00/turn              (no ring)
MPRegen  0.07/turn              (no ring)

@: lethally poisoned (-3 -> -3), stab, flying, non-regenerating
A: damage resistance, heal wounds, clumsy 1, sense surroundings 2, wild magic 1,
no regeneration
a: Heal Wounds, Minor Destruction, Renounce Religion


You were on level 8 of the Dungeon.
You worshipped Makhleb.
Makhleb was pleased with you.
You were hungry.

You visited 2 branches of the dungeon, and saw 9 of its levels.
You also visited: Ossuary.

You collected 596 gold pieces.
You spent 174 gold pieces at shops.

Inventory:

Hand Weapons
 a - a +1 war axe (weapon)
Armour
 c - a +0 kite shield (worn)
 d - a +2 pair of boots (worn)
 f - a +1 helmet (worn)
 g - a +0 chain mail (worn)
 y - a +0 cloak (worn)
Wands
 A - a wand of polymorph (6)
Scrolls
 h - 5 scrolls of identify {@r1}
 i - 2 scrolls of teleportation {@r2}
 n - a scroll of summoning
 o - a scroll of fog
 q - a scroll of magic mapping {unknown}
 r - 4 scrolls of remove curse {@r6}
 s - a scroll of holy word {unknown}
 u - a scroll of fear
 v - 2 scrolls of enchant weapon
Potions
 b - a potion of cancellation
 j - a potion of stabbing {@q5}
 k - a potion of might {@q3}
 l - a potion of mutation
 m - 2 potions of resistance {@q6}
 t - 2 potions of ambrosia
Comestibles
 e - 7 rations
 z - 15 chunks of flesh


   Skills:
 * Level 6.2 Fighting
 * Level 7.0 Axes
 + Level 5.7 Armour
 + Level 4.4 Dodging
 + Level 5.7 Shields
 * Level 4.4 Invocations


You had 8 spell levels left.
You didn't know any spells.
Your spell library was empty.

Dungeon Overview and Level Annotations

Branches:
Dungeon (8/15)             Temple (1/1) D:6         Ossuary (visited)
   Lair: D:8-11

Altars:
Ashenzari
Hepliaklqana
Makhleb
Nemelex Xobeh
Xom

Shops:
D:6 *

Annotations:
D:5 Prince Ribbit
D:7 1 exclusion
D:8 Joseph


Innate Abilities, Weirdness & Mutations

You are resistant to damage.
You can heal yourself by infusing magical energy.
You passively map the area around you.
You do not regenerate.
You are clumsy. (Dex -2)
Your spells are a little harder to cast, but a little more powerful.


Message History

You hit the killer bee. You closely miss the killer bee. x2
You miss the killer bee. x2; You slash the bullfrog!
You feel very sick. The killer bee stings you.
You block the killer bee's attack. x4
The killer bee stings you.
You are more poisoned.
The killer bee poisons you!
The bullfrog hits you but does no damage.
The killer bee stings you but does no damage.
The killer bee stings you. x2; The killer bee barely misses you.
The orc warrior hits you from afar with a +0 glaive!!
* * * LOW HITPOINT WARNING * * *
The killer bee closely misses you. The killer bee barely misses you.
You block the killer bee's attack. You block the bullfrog's attack.
You are too injured to fight recklessly!
You are too injured to fight recklessly!
You are too injured to fight recklessly!
You are too injured to fight recklessly!
You are too injured to fight recklessly!
You are too injured to fight recklessly!
You are too injured to fight recklessly!
You are too injured to fight recklessly!
You are too injured to fight recklessly!
You are too injured to fight recklessly!
You are too injured to fight recklessly!
You are too injured to fight recklessly!
You are too injured to fight recklessly!
It was a potion of stabbing.
You feel ready to backstab.
j - a potion of stabbing;
t - 2 potions of ambrosia
* * * LOW HITPOINT WARNING * * *
You feel very sick. You block the killer bee's attack.
The killer bee barely misses you.
The killer bee stings you but does no damage.
You block the killer bee's attack. x2
The killer bee stings you but does no damage.
The killer bee barely misses you.
The killer bee stings you but does no damage. x2
The bullfrog hits you but does no damage.
The orc warrior hits you from afar with a +0 glaive.
The killer bee stings you.
You are more poisoned.
The killer bee poisons you!
The killer bee stings you but does no damage. x2
It was a potion of magic.
Magic courses through your body.
* * * LOW HITPOINT WARNING * * *
You feel very sick. You block the killer bee's attack.
The killer bee stings you but does no damage. x4
The bullfrog barely misses you. You block the killer bee's attack.
The killer bee stings you but does no damage. x2
The killer bee barely misses you.
The killer bee stings you but does no damage. x3
The bullfrog hits you but does no damage.
The orc warrior hits you but does no damage.
It was a potion of curing.
You feel better.
The killer bee stings you but does no damage.
The killer bee stings you.
* * * LOW HITPOINT WARNING * * *
You block the killer bee's attack. x3
The killer bee stings you but does no damage.
The killer bee closely misses you. x2
The killer bee stings you but does no damage.
The bullfrog hits you.
* * * LOW HITPOINT WARNING * * *
The killer bee closely misses you. x2
The killer bee stings you but does no damage.
It was a potion of flight.
You feel very buoyant.
You fly up into the air.
You block the killer bee's attack. The killer bee stings you.
* * * LOW HITPOINT WARNING * * *
You are poisoned.
The killer bee poisons you!
The killer bee stings you but does no damage.
The killer bee barely misses you. You block the killer bee's attack.
The bullfrog hits you but does no damage.
The killer bee stings you but does no damage. x2
The killer bee barely misses you. The killer bee completely misses you.
The orc warrior hits you from afar with a +0 glaive!
* * * LOW HITPOINT WARNING * * *
The killer bee stings you but does no damage. x3
The bullfrog hits you but does no damage.
Okay, then.
You miss the killer bee.
The killer bee is heavily wounded.
You completely miss the killer bee. You barely miss the killer bee.
You hit the bullfrog.
You kill the bullfrog!
Makhleb accepts your kill.
You slash the killer bee!
You kill the killer bee!
Makhleb accepts your kill.
You can now harness Makhleb's destructive might.
You hit the killer bee. You closely miss the killer bee.
The killer bee closely misses you. You block the killer bee's attack. x3
The killer bee stings you but does no damage. x5
You block the orc wizard's attack.
The orc warrior hits you from afar with a +0 glaive!
You die...

** *####* * ### * ,,
..... ,...## * , , .....
.... , , * * **
###..######.###### , , ,
** ................. ,,
*** * *#..#.........# *
,, , ###..#.........# , ,
,,###......÷....yy.#.##.
* , ,
,#.#.#..#.####†@y@.....,
,#.#.#..#.#...oyy...##. *
###.#.#.........<.o.....
* , ,
...........#..#.###.....,
* , .................
..... ,, ,
###.###.#..#....# * ..##
, #.###.#..#....#, ,...,
#.#...#..#..... ... * ,
#.#...#... ,.. ,*, , ,


You could see Joseph, an orc warrior, 5 killer bees and an orc wizard.

Vanquished Creatures
  A hippogriff (D:7)
  Eustachio (D:6)
  Menkaure (D:5)
  2 orc warriors (D:8)
  A phantom (D:4)
  An ogre (D:5)
  A centaur (D:6)
  A big kobold (D:7)
  3 bullfrogs
  A scorpion (D:5)
  A killer bee (D:8)
  2 crimson imps
  A howler monkey (D:5)
  3 orc priests (D:8)
  A hound (D:8)
  4 orc wizards
  A bullfrog skeleton (D:4)
  An iguana (D:6)
  7 worker ants
  8 mummies (Ossuary)
  A hound skeleton (D:6)
  A worker ant zombie (D:4)
  Robin (D:4)
  9 adders
  4 gnolls (D:5)
  A shadow imp (D:5)
  2 oozes
  An adder skeleton (D:8)
  3 worms
  A leopard gecko (D:4)
  12 orcs
  A ball python (D:6)
  A giant cockroach (D:7)
  A gnoll zombie (Ossuary)
  9 goblins
  6 hobgoblins
  14 jackals
  4 kobolds
  A bat (D:2)
  A frilled lizard (D:1)
  4 hobgoblin zombies (Ossuary)
  A jackal skeleton (D:4)
  A kobold zombie (Ossuary)
  2 orc zombies (Ossuary)
  A bush (D:5)
125 creatures vanquished.

Notes
Turn   | Place    | Note
-------+----------+-------------------------------------------
     0 | D:1      | EnegeticOcto the Deep Dwarf Fighter began the quest for the
                  | Orb.
     0 | D:1      | Reached XP level 1. HP: 20/20 MP: 1/1
   177 | D:1      | Reached XP level 2. HP: 25/27 MP: 2/2
   320 | D:4      | Reached XP level 3. HP: 31/34 MP: 3/3
   349 | D:4      | Reached skill level 3 in Axes
   349 | D:4      | Reached skill level 1 in Dodging
   372 | D:4      | Reached XP level 4. HP: 38/42 MP: 4/4
   412 | D:4      | Noticed a phantom
   440 | D:4      | Killed a phantom
   440 | D:4      | Reached XP level 5. HP: 48/50 MP: 5/5
   760 | D:4      | Noticed Robin
   782 | D:4      | Killed Robin
  1100 | D:5      | Entered Level 5 of the Dungeon
  1217 | D:5      | Reached skill level 4 in Axes
  1222 | D:5      | Noticed Prince Ribbit
  1224 | D:5      | Noticed Menkaure
  1256 | D:5      | Killed Menkaure
  1256 | D:5      | Reached XP level 6. HP: 25/57 MP: 5/5
  1636 | D:5      | Reached XP level 7. HP: 60/66 MP: 5/5
  1640 | D:5      | Reached skill level 5 in Axes
  1828 | D:6      | Noticed Eustachio
  1878 | D:6      | Killed Eustachio
  1878 | D:6      | Reached skill level 5 in Fighting
  1878 | D:6      | Reached skill level 5 in Armour
  1961 | D:6      | Found Suneesag's Assorted Antiques.
  1969 | D:6      | Bought a scroll labeled EWNASHR ZARAF for 29 gold pieces
  1969 | D:6      | Bought a scroll labeled POMUFU XIN ATZ for 29 gold pieces
  1969 | D:6      | Bought a scroll labeled LAVABA QILARY for 29 gold pieces
  1969 | D:6      | Bought a scroll labeled LAVABA QILARY for 29 gold pieces
  1969 | D:6      | Bought a scroll labeled PEDOTOT YXKAM for 29 gold pieces
  1969 | D:6      | Bought a scroll labeled SUT TOVECOLUZ for 29 gold pieces
  1989 | D:6      | Gained mutation: You tend to lose your temper in combat.
                  | [potion of mutation]
  1989 | D:6      | Gained mutation: You are clumsy. (Dex -2) [potion of
                  | mutation]
  1989 | D:6      | Gained mutation: Your spells are a little harder to cast,
                  | but a little more powerful. [potion of mutation]
  1989 | D:6      | Lost mutation: You tend to lose your temper in combat.
                  | [potion of mutation]
  2062 | D:6      | Found a hazy altar of Hepliaklqana.
  2195 | D:6      | Found a staircase to the Ecumenical Temple.
  2246 | D:6      | Reached skill level 5 in Shields
  2246 | D:6      | Reached XP level 8. HP: 53/74 MP: 1/1
  2273 | Temple   | Entered the Ecumenical Temple
  2301 | Temple   | Became a worshipper of Makhleb the Destroyer
  2443 | D:7      | You fall into a shaft and drop 1 floor!
  2461 | D:8      | Reached skill level 6 in Axes
  2461 | D:8      | Reached skill level 1 in Invocations
  2556 | D:7      | Noticed a hippogriff
  2573 | D:7      | Killed a hippogriff
  2599 | D:7      | Found a sand-covered staircase.
  2604 | Ossuary  | Entered an ossuary
  2615 | Ossuary  | Reached * piety under Makhleb
  2881 | D:7      | Found a shattered altar of Ashenzari.
  3774 | D:8      | Gained mutation: You passively map the area around you.
                  | [Deep Dwarf growth]
  3774 | D:8      | Reached XP level 9. HP: 43/82 MP: 0/2
  3881 | D:8      | Reached skill level 7 in Axes
  3888 | D:8      | Noticed Joseph
  3906 | D:8      | HP: 4/82 [orc warrior/+0 glaive (13)]
  3907 | D:8      | Reached ** piety under Makhleb
  3907 | D:8      | Slain by an orc warrior

Levels and vault maps discovered:
D:1:      dpeg_arrival_shelter, layout_loops_corners
D:2:      layout_basic, elyvilon_altar_4, uniq_crazy_yiuf_cottage, uniq_jessica,
          uniq_terence
D:3:      layout_basic
D:4:      layout_gridville, uniq_robin
D:5:      cheibrodos_helix_gallery, layout_basic, first_ration,
          minmay_hedge_maze, minivault_1, uniq_menkaure, uniq_prince_ribbit1
D:6:      layout_rooms, marbit_many_paths, minmay_temple_entry_junction_2,
          serial_shops, shop, uniq_eustachio
D:7:      layout_loops_corners, overflow_temple_1_default,
          kennysheep_okawaru_gauntlet, nicolae_ossuary_entry_plus,
          grunt_ministairs_6
D:8:      layout_basic, kennysheep_little_box,
          nicolae_ru_great_annihilating_truth, zin_statuary, uniq_joseph
Temple:   dpeg_chambers_temple

Skill      XL: |  1  2  3  4  5  6  7  8  9 |
---------------+----------------------------+-----
Fighting       | 3 4 5 6 |  6.2
Axes           | 3 4 5 6 7 |  7.0
Dodging        | 1 2 3 4 |  4.4
Armour         | 4 5 |  5.7
Shields        | 4 5 |  5.7
Invocations    | 4 |  4.4

Action                   |  1- 3 |  4- 6 |  7- 9 || total
-------------------------+-------+-------+-------++-------
Melee: War axe           |    60 |   159 |   328 ||   547
 Abil: Heal Wounds       |       |     9 |    18 ||    27
  Use: Scroll            |       |       |    17 ||    17
       Potion            |       |       |     5 ||     5
  Eat: Chunk             |       |     3 |     4 ||     7
       Ration            |       |       |     1 ||     1
Armor: Scale mail        |    31 |    12 |       ||    43
       Chain mail        |       |    96 |   343 ||   439
Dodge: Dodged            |    20 |    64 |   201 ||   285
Block: Kite shield       |    34 |    80 |   322 ||   436

Table legend:
 A = Non-vault XP
 B = Vault XP
 C = Vault XP percentage of total XP
 D = Non-vault monster count
 E = Vault monster count
 F = Vault count percentage of total count
                 A         B        C        D         E       F
            +---------+---------+-------+---------+---------+-------
      Total |    2285 |     746 |  24.6 |      90 |      34 |  27.4
            +---------+---------+-------+---------+---------+-------
        D:1 |      12 |       0 |   0.0 |       4 |       0 |   0.0
        D:2 |      14 |       0 |   0.0 |       2 |       0 |   0.0
        D:3 |      13 |       0 |   0.0 |       5 |       0 |   0.0
        D:4 |     220 |      40 |  15.4 |      13 |      13 |  50.0
        D:5 |     326 |     293 |  47.3 |      15 |       2 |  11.8
        D:6 |     359 |     213 |  37.2 |      13 |       2 |  13.3
        D:7 |     529 |      44 |   7.7 |      14 |       1 |   6.7
        D:8 |     812 |       0 |   0.0 |      24 |       0 |   0.0
    Ossuary |       0 |     156 | 100.0 |       0 |      16 | 100.0
            +---------+---------+-------+---------+---------+-------
